 Dungeon Crawl Stone Soup version 0.25.1-2-g60ff931df9 (webtiles) character file.

Game seed: 5249025499521677799

2426 gruber the Magician (level 9, 0/69 HPs)
             Began as a Gnoll Skald on Sept 10, 2020.
             Slain by Harold
             ... wielding a +0 battleaxe
              (21 damage)
             ... on level 7 of the Dungeon.
             The game lasted 00:09:18 (9480 turns).

gruber the Magician (Gnoll Skald)                   Turns: 9480, Time: 00:09:19

Health: 0/69       AC:  4    Str: 13    XL:     9   Next: 48%
Magic:  13/18      EV: 15    Int: 19    God:
Gold:   379        SH:  0    Dex: 15    Spells: 10/21 levels left

rFire    . . .     SeeInvis .   f - +0 trident
rCold    . . .     Gourm    .   (no shield)
rNeg     . . .     Faith    .   b - +0 leather armour
rPois    +         Spirit   .   (no helmet)
rElec    .         Reflect  .   F - +0 cloak {rPois}
rCorr    .         Harm     .   (no gloves)
MR       .....                  (no boots)
Stlth    ++........             j - amulet of the acrobat
HPRegen  0.21/turn              (no ring)
MPRegen  0.16/turn              (no ring)

@: infused (expiring)
A: distributed training, fangs 1, strong nose
a: no special abilities


You were on level 7 of the Dungeon.
You were near starving.

You visited 2 branches of the dungeon, and saw 8 of its levels.
You also visited: Ossuary.

You collected 379 gold pieces.

Inventory:

Hand Weapons
 a - a +0 spear
 f - a +0 trident (weapon)
Missiles
 n - 12 poisoned darts (quivered)
Armour
 b - a +0 leather armour (worn)
 F - a +0 cloak of poison resistance (worn)
Jewellery
 j - an amulet of the acrobat (around neck)
 x - an uncursed amulet of magic regeneration
Wands
 r - a wand of paralysis (13)
 A - a wand of flame (11)
 E - a wand of polymorph (1)
Scrolls
 e - 3 scrolls of teleportation {unknown}
 g - 8 scrolls of remove curse {unknown}
 i - a scroll of magic mapping {unknown}
 o - 4 scrolls of enchant armour {unknown}
 p - 5 scrolls of identify {unknown}
 s - a scroll of immolation {unknown}
 t - 2 scrolls of fog {unknown}
 u - 3 scrolls of noise {unknown}
 v - 2 scrolls of blinking {unknown}
 w - a scroll of random uselessness {unknown}
 y - a scroll of amnesia {unknown}
 z - 2 scrolls of acquirement {unknown}
Potions
 c - a potion of ambrosia {unknown}
 h - 13 potions of curing {unknown}
 k - 2 potions of berserk rage {unknown}
 l - 5 potions of heal wounds {unknown}
 m - a potion of invisibility {unknown}
 q - 3 potions of might {unknown}
 B - a potion of flight {unknown}
 C - 2 potions of resistance {unknown}
 D - a potion of brilliance {unknown}
Comestibles
 d - 6 rations


   Skills:
 + Level 6.3 Fighting
 + Level 4.2 Short Blades
 + Level 4.2 Long Blades
 + Level 4.2 Axes
 + Level 4.2 Maces & Flails
 + Level 6.3 Polearms
 + Level 4.2 Staves
 + Level 4.2 Slings
 + Level 4.2 Bows
 + Level 4.2 Crossbows
 + Level 4.2 Throwing
 + Level 5.0 Armour
 + Level 6.3 Dodging
 + Level 4.2 Stealth
 + Level 4.2 Shields
 + Level 4.2 Unarmed Combat
 + Level 6.6 Spellcasting
 + Level 3.4 Conjurations
 + Level 3.4 Hexes
 + Level 6.5 Charms
 + Level 3.4 Summonings
 + Level 3.4 Necromancy
 + Level 3.4 Translocations
 + Level 3.4 Transmutations
 + Level 3.4 Fire Magic
 + Level 3.4 Ice Magic
 + Level 3.4 Air Magic
 + Level 3.4 Earth Magic
 + Level 3.4 Poison Magic
 + Level 4.6 Invocations
 + Level 4.2 Evocations


You had 10 spell levels left.
You knew the following spells:

 Your Spells              Type           Power        Failure   Level  Hunger
a - Infusion              Chrm           ####         1%          1    None
b - Song of Slaying       Chrm           ####....     1%          2    None
c - Shroud of Golubria    Chrm/Tloc      ####..       2%          2    None
d - Ozocubu's Armour      Chrm/Ice       ####....     4%          3    ##.....
e - Spectral Weapon       Hex/Chrm       ####....     4%          3    ##.....

Your spell library contained the following spells:

 Spells                   Type           Power        Failure   Level  Hunger


Dungeon Overview and Level Annotations

Branches:
Dungeon (7/15)             Temple (1/1) D:6         Ossuary (visited)

Altars:
Ashenzari
Cheibriados
Dithmenos
Fedhas
Kikubaaqudgha
Makhleb
Nemelex Xobeh
Okawaru
Ru
Sif Muna
Trog
Uskayaw
Vehumet
Wu Jian
Xom
Yredelemnul
Zin

Annotations:
D:7 Harold


Innate Abilities, Weirdness & Mutations

Your experience applies equally to all skills.
You have very sharp teeth.
Your uncanny sense of smell can sniff out nearby items.


Message History

Press: ? - help, Shift-Dir - straight line, f/p - Harold
Aim: Harold, wielding a +0 battleaxe and wearing a +0 chain mail (moderately wounded, chance to defeat MR: 24%) Harold resists with almost no effort.
Unknown command.
Unknown command.
Evoke which item? (* to show all) (? for menu, Esc to quit)
Aiming: Polymorph
Press: ? - help, Shift-Dir - straight line, f/p - Harold
Aim: Harold, wielding a +0 battleaxe and wearing a +0 chain mail (moderately wounded, chance to defeat MR: 24%) Harold resists with almost no effort.
Harold hits you with a +0 battleaxe!
Unknown command.
Unknown command.
Evoke which item? (* to show all) (? for menu, Esc to quit)
Aiming: Polymorph
Press: ? - help, Shift-Dir - straight line, f/p - Harold
Aim: Harold, wielding a +0 battleaxe and wearing a +0 chain mail (moderately wounded, chance to defeat MR: 24%) Harold resists with almost no effort.
Your magical infusion is running out.
Harold hits you with a +0 battleaxe!!
You die...

#.##########.#.##..........#.#
#.# #.#.###########.#.# #.#
#.#.#.........#.#.# #.#
#...#.###.#.#.#.#.#
####.##############.# #.#.#.#.#.#
.............>......# #.#.#.#.#.#
####.########.####### #.#...#.#.#
####.########.#########.#.###.#.#
...........)..g@@.............#)#
########.####(#########.#######.#
.............# #.........#
.............# ###########
.............# .............#
.............# .............#
.............#


You could see Harold and a goblin.

Vanquished Creatures
  A hippogriff (D:6)
  2 ice beasts (D:7)
  A phantom (D:5)
  2 ogres
  2 elf zombies (Ossuary)
  A bullfrog (D:6)
  A scorpion (D:4)
  4 killer bees
  A howler monkey (D:5)
  3 crimson imps
  2 centaur zombies (Ossuary)
  4 hounds
  8 human zombies (Ossuary)
  Crazy Yiuf (D:6)
  4 orc priests
  3 iguanas
  Terence (D:3)
  7 orc wizards
  3 worker ants
  A hound zombie (D:6)
  3 mummies (Ossuary)
  A worker ant zombie (D:5)
  A howler monkey skeleton (D:4)
  4 gnolls (D:5)
  4 adders
  A shadow imp (D:5)
  An ooze (D:4)
  3 adder skeletons
  5 worms
  A dart slug (D:5)
  8 leopard geckos
  20 orcs
  A ball python (D:4)
  10 bats
  4 giant cockroaches
  7 goblins
  8 hobgoblins
  3 jackals
  6 quokkas
  5 frilled lizards
  8 kobolds
  2 leopard gecko zombies (D:5)
  A quokka skeleton (D:6)
  6 rats
  A spectral weapon (D:3)
166 creatures vanquished.

Vanquished Creatures (others)
  2 spectral weapons
2 creatures vanquished.

Grand Total: 168 creatures vanquished

Notes
Turn   | Place    | Note
-------+----------+-------------------------------------------
     0 | D:1      | gruber the Gnoll Skald began the quest for the Orb.
     0 | D:1      | Reached XP level 1. HP: 20/20 MP: 6/6
   311 | D:1      | Reached XP level 2. HP: 26/26 MP: 7/7
   327 | D:1      | Learned a level 2 spell: Song of Slaying
   330 | D:1      | Learned a level 2 spell: Shroud of Golubria
   747 | D:1      | Reached XP level 3. HP: 31/31 MP: 9/9
   805 | D:1      | Reached skill level 5 in Spellcasting
  1222 | D:2      | Found a basalt altar of Yredelemnul.
  1222 | D:2      | Found a blossoming altar of Fedhas.
  1676 | D:2      | Reached skill level 1 in Invocations
  1931 | D:2      | Found a faded altar of an unknown god.
  2003 | D:2      | Reached skill level 1 in Short Blades
  2003 | D:2      | Reached skill level 1 in Long Blades
  2003 | D:2      | Reached skill level 1 in Axes
  2003 | D:2      | Reached skill level 1 in Maces & Flails
  2003 | D:2      | Reached skill level 1 in Staves
  2003 | D:2      | Reached skill level 1 in Slings
  2003 | D:2      | Reached skill level 1 in Bows
  2003 | D:2      | Reached skill level 1 in Crossbows
  2003 | D:2      | Reached skill level 1 in Throwing
  2003 | D:2      | Reached skill level 1 in Stealth
  2003 | D:2      | Reached skill level 1 in Shields
  2003 | D:2      | Reached skill level 1 in Unarmed Combat
  2003 | D:2      | Reached skill level 1 in Evocations
  2251 | D:2      | Learned a level 3 spell: Ozocubu's Armour
  2255 | D:2      | Learned a level 3 spell: Spectral Weapon
  2491 | D:3      | Reached XP level 4. HP: 38/38 MP: 2/11
  2523 | D:3      | Reached skill level 1 in Conjurations
  2523 | D:3      | Reached skill level 1 in Hexes
  2523 | D:3      | Reached skill level 1 in Summonings
  2523 | D:3      | Reached skill level 1 in Necromancy
  2523 | D:3      | Reached skill level 1 in Translocations
  2523 | D:3      | Reached skill level 1 in Transmutations
  2523 | D:3      | Reached skill level 1 in Fire Magic
  2523 | D:3      | Reached skill level 1 in Ice Magic
  2523 | D:3      | Reached skill level 1 in Air Magic
  2523 | D:3      | Reached skill level 1 in Earth Magic
  2523 | D:3      | Reached skill level 1 in Poison Magic
  2523 | D:3      | Reached XP level 5. HP: 30/43 MP: 1/12
  2636 | D:3      | Noticed Terence
  2641 | D:3      | Killed Terence
  2795 | D:3      | Reached XP level 6. HP: 37/50 MP: 9/13
  3745 | D:4      | Reached skill level 5 in Fighting
  3745 | D:4      | Reached skill level 5 in Polearms
  3745 | D:4      | Reached skill level 5 in Dodging
  4293 | D:4      | Reached XP level 7. HP: 56/56 MP: 11/15
  4947 | D:5      | Entered Level 5 of the Dungeon
  5348 | D:5      | Reached XP level 8. HP: 63/63 MP: 12/16
  5589 | D:5      | Found a burning altar of Makhleb.
  5667 | D:5      | Noticed a +0 dagger
  5667 | D:5      | Noticed a +0 hand axe
  5671 | D:5      | Found a hide-covered altar of Uskayaw.
  6526 | D:6      | Found a staircase to the Ecumenical Temple.
  6541 | D:6      | Noticed a hippogriff
  6550 | D:6      | Killed a hippogriff
  6705 | D:6      | Found a sand-covered staircase.
  6711 | Ossuary  | Entered an ossuary
  7078 | Ossuary  | Reached XP level 9. HP: 69/69 MP: 0/18
  7792 | D:6      | Found a radiant altar of Vehumet.
  8042 | D:6      | Found a runed translucent door.
  8043 | D:6      | Noticed Crazy Yiuf
  8052 | D:6      | Killed Crazy Yiuf
  8186 | Temple   | Entered the Ecumenical Temple
  9227 | D:7      | Reached skill level 5 in Armour
  9457 | D:7      | Noticed Harold
  9480 | D:7      | Slain by Harold

Illustrated notes

Levels and vault maps discovered:
D:1:      minmay_arrival_diagonal_passages, layout_basic, minmay_domino_2
D:2:      layout_basic, gammafunk_temple_overflow_elements,
          chequers_ecumenical_altar_twisty
D:3:      layout_basic, uniq_terence
D:4:      layout_basic, first_ration
D:5:      layout_basic, dancing_weapons_uskayaw, lemuel_crystal_altar,
          serial_bayou_pond_d
D:6:      layout_gridville, nicolae_overflow_hidden_temple,
          minmay_temple_entry_waves, nicolae_ossuary_entry_plus,
          uniq_crazy_yiuf_cottage
D:7:      layout_basic, gammafunk_temple_overflow_statue, uniq_pikel,
          uniq_duvessa, uniq_harold, uniq_maggie
Temple:   minmay_temple_forest_path

Skill      XL: |  1  2  3  4  5  6  7  8  9 |
---------------+----------------------------+-----
Spellcasting   | 5 6 |  6.6
Invocations    | 1 2 3 4 |  4.6
Short Blades   | 1 2 3 4 |  4.2
Long Blades    | 1 2 3 4 |  4.2
Axes           | 1 2 3 4 |  4.2
Maces & Flails | 1 2 3 4 |  4.2
Staves         | 1 2 3 4 |  4.2
Slings         | 1 2 3 4 |  4.2
Bows           | 1 2 3 4 |  4.2
Crossbows      | 1 2 3 4 |  4.2
Throwing       | 1 2 3 4 |  4.2
Stealth        | 1 2 3 4 |  4.2
Shields        | 1 2 3 4 |  4.2
Unarmed Combat | 1 2 3 4 |  4.2
Evocations     | 1 2 3 4 |  4.2
Conjurations   | 1 2 3 |  3.4
Hexes          | 1 2 3 |  3.4
Summonings     | 1 2 3 |  3.4
Necromancy     | 1 2 3 |  3.4
Translocations | 1 2 3 |  3.4
Transmutations | 1 2 3 |  3.4
Fire Magic     | 1 2 3 |  3.4
Ice Magic      | 1 2 3 |  3.4
Air Magic      | 1 2 3 |  3.4
Earth Magic    | 1 2 3 |  3.4
Poison Magic   | 1 2 3 |  3.4
Armour         | 3 4 5 |  5.0
Fighting       | 5 6 |  6.3
Polearms       | 5 6 |  6.3
Dodging        | 5 6 |  6.3
Charms         | 6 |  6.5

Action                   |  1- 3 |  4- 6 |  7- 9 || total
-------------------------+-------+-------+-------++-------
Melee: Spear             |   148 |    16 |       ||   164
       Bite              |     9 |     9 |    41 ||    59
       Trident           |       |   113 |   343 ||   456
       Punch             |       |       |     7 ||     7
Throw: Dart              |       |       |     1 ||     1
 Cast: Infusion          |    12 |       |     6 ||    18
       Song of Slaying   |     3 |     3 |     8 ||    14
       Spectral Weapon   |     1 |    15 |    36 ||    52
       Shroud of Golubri |     1 |       |     8 ||     9
Evoke: Wand              |       |       |     4 ||     4
 Stab: Sleeping          |     1 |       |     2 ||     3
       Distracted        |       |     1 |       ||     1
  Eat: Chunk             |     4 |     8 |    10 ||    22
       Ration            |       |       |     2 ||     2
Armor: Leather armour    |    20 |    12 |    34 ||    66
Dodge: Dodged            |    82 |    67 |   217 ||   366
